 Dungeon Crawl Stone Soup version 0.31.0-9-g3a7656b989 (webtiles) character file.

Game seed: 12983913551686261092

208089 Arcadio the Warrior (level 19, -3/163 HPs)
             Began as a Human Monk on Jan 24, 2024.
             Was a High Priest of Wu Jian.
             Slain by an emperor scorpion (27 damage)
             ... on level 4 of the Spider Nest.
             The game lasted 01:33:02 (36229 turns).

Arcadio the Warrior (Human Monk)                   Turns: 36229, Time: 01:33:02

Health: -3/163     AC: 26    Str:  8    XL:     19   Next: 19%
Magic:  28/28      EV: 17    Int: 11    God:    Wu Jian [*****.]
Gold:   2371       SH:  0    Dex: 26    Spells: 18/18 levels left

rFire   . . .        a - +7 Throatcutter {drain, coup de grace}
rCold   + . .        d - orb {light}
rNeg    + + +        T - +6 scale mail {rPois}
rPois   +            m - +0 helmet
rElec   +            B - +2 cloak {Stlth+}
rCorr   .            z - +1 pair of gloves
SInv    .            s - +0 pair of boots
Will    +....        v - amulet of the acrobat
Stlth   +            O - ring of Pride {rElec rN+++ MP+9 Str-4 Dex+3}
HPRegen 0.47/turn    G - ring of protection from cold
MPRegen 0.21/turn

%: acrobat
@: glowing
A: explore regen
a: Renounce Religion, Wall Jump, Serpent's Lash, Heavenly Storm


You were on level 4 of the Spider Nest.
You worshipped Wu Jian.
Wu Jian was extremely pleased with you.
You visited 6 branches of the dungeon, and saw 28 of its levels.

You collected 3994 gold pieces.
You spent 1623 gold pieces at shops.

Inventory:

Hand Weapons
 a - the +7 Throatcutter (weapon) {drain, coup de grace}
   (You found it on level 3 of the Dungeon)
 h - a +3 flail of protection
Missiles
 S - 6 throwing nets (quivered)
Armour
 d - an orb of light (worn)
 m - a +0 helmet (worn)
 s - a +0 pair of boots (worn)
 z - a +1 pair of gloves (worn)
 B - a +2 cloak of stealth (worn)
 H - a scarf of resistance
 T - a +6 scale mail of poison resistance (worn)
Jewellery
 k - a ring of resist corrosion
 v - an amulet of the acrobat (around neck)
 G - a ring of protection from cold (right hand)
 I - a ring of flight
 N - a ring of ice
 O - the ring of Pride (left hand) {rElec rN+++ MP+9 Str-4 Dex+3}
   (You bought it in a shop on level 4 of the Dungeon)

   [ring of magical power]

   Str-4:     It affects your strength (-4).
   Dex+3:     It affects your dexterity (+3).
   rElec:     It insulates you from electricity.
   rN+++:     It renders you almost immune to negative energy.
   MP+9:      It affects your magic capacity (+9).
 R - the amulet of Ocimmaep {Spirit rF+++ Will- Str+6 Int-4}
   (You took it off an orc priest on level 10 of the Dungeon)

   [amulet of guardian spirit]

   Spirit:    It causes incoming damage to be divided between your reserves of
   health and magic.
   Str+6:     It affects your strength (+6).
   Int-4:     It affects your intelligence (-4).
   rF+++:     It renders you almost immune to fire.
   Will-:     It decreases your willpower.
 W - a ring of willpower
 Z - an amulet of regeneration
Wands
 g - a wand of digging (4)
 l - a wand of mindburst (36)
 r - a wand of roots (6)
 y - a wand of light (20)
 F - a wand of flame (49)
 K - a wand of paralysis (13)
Scrolls
 b - 3 scrolls of poison {unknown}
 e - 7 scrolls of revelation
 i - 2 scrolls of immolation
 j - 3 scrolls of enchant weapon
 o - 5 scrolls of vulnerability
 t - 2 scrolls of summoning
 w - 2 scrolls of amnesia
 x - 2 scrolls of fog {unknown}
 A - 14 scrolls of teleportation
 C - 5 scrolls of fear
Potions
 c - 11 potions of curing
 f - 2 potions of attraction
 n - 3 potions of magic
 p - 4 potions of ambrosia
 q - a potion of enlightenment
 u - 5 potions of haste
 D - 4 potions of might
 P - 7 potions of lignification
 Q - a potion of cancellation
 V - 4 potions of berserk rage
Miscellaneous
 M - a sack of spiders


   Skills:
 + Level 17.9 Fighting
 + Level 17.7 Long Blades
 + Level 15.6 Armour
 - Level 14.1 Dodging


You had 18 spell levels left.
You didn't know any spells.
Your spell library contained the following spells:

 Spells                   Type           Power      Damage    Failure   Level
 Magic Dart               Conj           0%         1d3       86%         1
 Necrotise                Necr           0%         1d4       86%         1
 Shock                    Conj/Air       0%         1d3       86%         1
 Sting                    Conj/Alch      0%         1d3       86%         1
 Blink                    Tloc           0%         N/A       94%         2
 Lesser Beckoning         Tloc           0%         N/A       94%         2
 Mercury Vapours          Alch/Air       0%         N/A       94%         2
 Momentum Strike          Conj/Tloc      0%         3d8       94%         2
 Scorch                   Fire           0%         2d5       94%         2
 Searing Ray              Conj           0%         2d4       94%         2
 Hailstorm                Conj/Ice       0%         3d5       99%         3
 Inner Flame              Hex/Fire       0%         N/A       99%         3
 Summon Ice Beast         Ice/Summ       0%         N/A       99%         3
 Swiftness                Air            0%         N/A       99%         3
 Vampiric Draining        Necr           0%         2d6       99%         3
 Airstrike                Air            0%         2d(0-16)  100%        4
 Flame Wave               Conj/Fire      0%         2d4       100%        4
 Fulminant Prism          Conj/Alch      0%         3d5       100%        4
 Leda's Liquefaction      Alch/Erth      0%         N/A       100%        4
 Martyr's Knell           Necr/Summ      0%         N/A       100%        4
 Olgreb's Toxic Radiance  Alch           0%         N/A       100%        4
 Passage of Golubria      Tloc           0%         N/A       100%        4
 Sticky Flame             Fire/Alch      0%         2d4       100%        4
 Vhi's Electric Charge    Tloc/Air       0%         N/A       100%        4
 Arcjolt                  Conj/Air       0%         1d10      100%        5
 Curse of Agony           Necr           0%         N/A       100%        5
 Lee's Rapid Deconstruct  Erth           0%         3d4*      100%        5
 Silence                  Hex/Air        0%         N/A       100%        5
 Summon Forest            Summ/Tloc      0%         N/A       100%        5
 Summon Mana Viper        Hex/Summ       0%         N/A       100%        5
 Bombard                  Conj/Erth      0%         9d1       100%        6
 Plasma Beam              Fire/Air       0%         2x1d10    100%        6
 Sculpt Simulacrum        Ice/Alch       0%         N/A       100%        6
 Summon Cactus Giant      Summ           0%         N/A       100%        6
 Lehudib's Crystal Spear  Conj/Erth      0%         10d2      100%        8


Dungeon Overview and Level Annotations

Branches:
Dungeon (15/15)            Temple (1/1) D:7            Lair (5/5) D:11
 Shoals (0/4) Lair:2       Spider (4/4) Lair:2        Slime (0/5) Lair:5
    Orc (2/2) D:10            Elf (1/3) Orc:2        Vaults (0/5) D:14
 Depths (0/4) D:15

Altars:
Ashenzari
Cheibriados
Dithmenos
Elyvilon
Fedhas
Gozag
Hepliaklqana
Kikubaaqudgha
Makhleb
Nemelex Xobeh
Okawaru
Qazlal
Ru
Sif Muna
Trog
Uskayaw
Vehumet
Wu Jian
Xom
Yredelemnul
Zin
The Shining One
Jiyva

Shops:
D:2 !   D:4 =*:   D:5 (   D:11 !   D:12 (   D:14 =   Orc:1 *   Orc:2 [:*:

Portals:
Abyss: Lair:2

Annotations:
D:5 3 runed translucent doors, Asparus's ghost, novice OpEE
D:9 1 runed translucent door
Lair:2 2 transporters, Asparus's ghost, journeyman OpEE


Innate Abilities, Weirdness & Mutations

You regain HP and MP as you explore.


Message History

The emperor scorpion is lightly wounded.
You hear a faint skittering sound.
The emperor scorpion misses you. The emperor scorpion claws you.
The emperor scorpion claws you but does no damage.
You hit the emperor scorpion. You drain the emperor scorpion.
The emperor scorpion is moderately wounded.
The heavenly storm settles.
The emperor scorpion stings you but does no damage.
The emperor scorpion claws you but does no damage.
The emperor scorpion barely misses you.
The moth of wrath goads the emperor scorpion on!
The emperor scorpion goes berserk!
You slice the emperor scorpion!! You drain the emperor scorpion!
The emperor scorpion is moderately wounded.
The emperor scorpion stings you!!
You are poisoned.
The emperor scorpion poisons you! The emperor scorpion misses you.
The emperor scorpion claws you but does no damage.
You slash the emperor scorpion!
The emperor scorpion is heavily wounded.
You feel very sick. The emperor scorpion stings you!!
The emperor scorpion barely misses you.
The emperor scorpion closely misses you.
The emperor scorpion stings you!
* * * LOW HITPOINT WARNING * * *
You are lethally poisoned!
The emperor scorpion poisons you!
The emperor scorpion closely misses you.
The emperor scorpion claws you but does no damage.
As you read the scroll of fear, it crumbles to dust.
You assume a fearsome visage.
The emperor scorpion is unaffected.
The moth of wrath looks frightened!
* * * LOW HITPOINT WARNING * * *
You feel extremely sick. The emperor scorpion barely misses you.
The emperor scorpion claws you but does no damage.
The emperor scorpion misses you.
Okay, then.
You feel better. The emperor scorpion stings you!!
You die...

####### ###°○○y~###
######.○.@s○..~####
###†.....°####.....~#
#~..^.~#### ##.....~#
##~.~#### [.~~~...~
##^...# s≈≈s!!###.
#....^# .y≈≈y..^. #
#~...≈## w≈≈≈.!~~###
.# #~~..≈≈####
...^.##### ..
##^...≈≈≈≈#######


You could see an emperor scorpion (berserk, drained) and a moth of wrath
(fleeing).

Vanquished Creatures
  Frances (Spider:1)
  Roxanne (Spider:4)
  Aizul (Spider:2)
  6 emperor scorpions
  3 ghost moths
  2 broodmothers
  Azrael (D:14)
  A spark wasp (Spider:1)
  An ettin (Orc:2)
  A fire dragon (D:14)
  10 hydras
  Harold (Lair:1)
  A rakshasa (D:15)
  4 ogre magi
  6 centaur warriors
  5 boulder beetles
  18 two-headed ogres
  7 death yaks (Lair:4)
  2 radroaches (Spider:1)
  2 tengu warriors
  3 demonic crawlers
  A hell hog (Lair:5)
  2 occultists (D:15)
  8 skeletal warriors
  A skyshark (Lair:4)
  A pharaoh ant (Spider:4)
  A glowing orange brain (D:13)
  3 sun moths
  5 orb spiders
  A wolf spider zombie (D:15)
  5 steelbarb worms
  19 ugly things
  4 deep elf pyromancers
  17 wolf spiders
  2 orc knights
  2 necromancers
  3 manticores
  5 cyclopes
  3 moths of wrath
  13 elephants
  A meliai (shapeshifter) (D:13)
  A kobold blastminer (Orc:1)
  3 meliai (Spider:1)
  2 centaur zombies (D:15)
  7 black mambas
  12 cane toads
  3 gargoyles
  A torpor snail (Lair:1)
  An unseen horror (D:11)
  2 efreet
  An unseen horror (shapeshifter) (D:13)
  2 rime drakes
  6 tengu conjurers
  9 komodo dragons
  3 trolls
  13 polar bears
  3 hornets (D:10)
  A harpy zombie (D:15)
  18 tarantellas
  13 blink frogs
  8 dream sheep
  3 raiju (Lair:5)
  A snapping turtle (Lair:2)
  16 culicivoras
  A slime creature (D:13)
  32 jumping spiders
  3 shadows
  3 water elementals
  4 vampires
  5 wraiths
  7 wyverns
  4 fire elementals (D:14)
  4 basilisks
  44 yaks
  2 steam dragons
  45 redbacks
  7 wargs
  9 vampire mosquitoes
  3 acid dragons
  16 hell hounds
  18 water moccasins
  10 orc warriors
  A sky beast (D:7)
  An ice beast (D:7)
  2 laughing skulls (D:15)
  17 black bears
  26 ogres
  16 wolves
  5 centaurs
  2 kobold brigands
  12 bullfrogs
  Blork the orc (D:5)
  3 gnoll sergeants
  3 scorpions
  8 wights
  7 killer bees
  2 vampire bats (D:12)
  3 electric eels
  3 howler monkeys
  4 crimson imps (D:3)
  9 orc priests
  A hound (D:7)
  2 jellies (D:6)
  A gnoll bouda (D:5)
  Crazy Yiuf (D:5)
  An iguana (D:6)
  Jessica (D:2)
  2 sleepcaps
  Ijyb (D:5)
  Terence (D:2)
  11 orc wizards
  Robin (D:2)
  26 gnolls
  12 adders
  4 white imps
  A dart slug (D:1)
  2 ribbon worms
  44 orcs
  7 bats
  2 bat skeletons (D:12)
  3 bat zombies (D:12)
  5 endoplasms
  5 giant cockroaches (D:1)
  17 goblins
  12 hobgoblins
  13 jackals
  21 kobolds
  5 quokkas
  7 ball pythons
  2 frilled lizards
  2 rats (D:1)
858 creatures vanquished.

Vanquished Creatures (others)
  A centaur warrior (D:14)
  An orc (D:15)
2 creatures vanquished.

Grand Total: 860 creatures vanquished

Notes
Turn   | Place    | Note
-------+----------+-------------------------------------------
     0 | D:1      | Arcadio the Human Monk began the quest for the Orb.
     0 | D:1      | Reached XP level 1. HP: 18/18 MP: 1/1
   136 | D:1      | Reached XP level 2. HP: 24/24 MP: 2/2
   447 | D:1      | Reached XP level 3. HP: 28/29 MP: 3/3
   830 | D:2      | Noticed Robin
   843 | D:2      | Killed Robin
   844 | D:2      | Reached XP level 4. HP: 4/37 MP: 4/4
   902 | D:2      | Found Lavewn's Distillery.
   905 | D:2      | Bought a potion of curing for 39 gold pieces
   993 | D:2      | Found an ornate altar of the Wu Jian Council.
  1000 | D:2      | Became a worshipper of the Wu Jian Council
  1000 | D:2      | Reached * piety under Wu Jian
  1000 | D:2      | Reached ** piety under Wu Jian
  1018 | D:2      | You fall into a shaft and drop 1 floor!
  1166 | D:2      | Reached XP level 5. HP: 41/42 MP: 5/5
  1683 | D:2      | Noticed Jessica
  1692 | D:2      | Killed Jessica
  1838 | D:2      | Noticed Terence
  1846 | D:2      | Killed Terence
  1965 | D:2      | Bought a potion of heal wounds for 65 gold pieces
  2048 | D:3      | Reached XP level 6. HP: 49/49 MP: 6/6
  2241 | D:3      | Identified the +7 whip "Gohuhabu" {spect, ^Fragile Str+5}
  2449 | D:3      | Found a shimmering altar of Xom.
  2450 | D:3      | Found the +7 Throatcutter {drain, coup de grace}
  2557 | D:3      | Reached skill level 5 in Fighting
  2720 | D:2      | Bought a potion of enlightenment for 65 gold pieces
  3090 | D:3      | Reached skill level 5 in Long Blades
  3090 | D:3      | Reached XP level 7. HP: 21/56 MP: 7/7
  3092 | D:3      | Reached skill level 5 in Dodging
  3588 | D:4      | Found Ibbynod's Book Shop.
  3730 | D:4      | Found Juhus's Jewellery Emporium.
  3858 | D:4      | Found Imymaewn's General Store.
  3866 | D:4      | Reached *** piety under Wu Jian
  4359 | D:5      | Entered Level 5 of the Dungeon
  4359 | D:5      | Found a runed translucent gate.
  4361 | D:5      | Found a runed translucent gate.
  4361 | D:5      | Found a runed translucent gate.
  4363 | D:5      | Noticed Asparus's ghost (novice OpEE)
  4912 | D:5      | Noticed Ijyb
  4917 | D:5      | Killed Ijyb
  5196 | D:5      | Found Punithac's Antique Weapon Shop.
  5326 | D:5      | Reached XP level 8. HP: 59/64 MP: 8/8
  5475 | D:5      | Found an opulent altar of Gozag.
  5475 | D:5      | Found a snail-covered altar of Cheibriados.
  5614 | D:5      | Found a runed translucent door.
  5615 | D:5      | Noticed Crazy Yiuf
  5799 | D:5      | Noticed Blork the orc
  5808 | D:5      | Killed Blork the orc
  5967 | D:5      | Killed Crazy Yiuf
  6451 | D:6      | Found a radiant altar of Vehumet.
  6718 | D:7      | Found a staircase to the Ecumenical Temple.
  6751 | Temple   | Entered the Ecumenical Temple
  6863 | D:6      | Reached XP level 9. HP: 62/72 MP: 9/9
  6911 | D:7      | Reached **** piety under Wu Jian
  7349 | D:8      | Found a hazy altar of Hepliaklqana.
  7692 | D:8      | Found a shadowy altar of Dithmenos.
  7844 | D:8      | Found a broken altar of Ashenzari.
  8295 | D:9      | Noticed a troll
  8496 | D:8      | Killed a troll
  8497 | D:8      | Reached XP level 10. HP: 35/82 MP: 10/10
  9000 | D:9      | Reached ***** piety under Wu Jian
  9007 | D:9      | Reached skill level 1 in Armour
  9455 | D:9      | Found a runed translucent door.
  9455 | D:9      | Found a burning altar of Makhleb.
  9455 | D:9      | Noticed a sixfirhy
  9495 | D:10     | Entered Level 10 of the Dungeon
  9686 | D:10     | Identified the +7 whip of Makhleb's Supremacy {freeze,
                  | rElec rN+++ Str-3 Dex+4}
  9717 | D:10     | Noticed a two-headed ogre
  9911 | D:10     | Noticed a gargoyle
  9931 | D:10     | Killed a gargoyle
  9973 | D:10     | Paralysed by a hornet for 2 turns
 10049 | D:9      | HP: 1/83 [yak (12)]
 10722 | D:10     | Found a staircase to the Orcish Mines.
 10749 | D:10     | Reached XP level 11. HP: 90/90 MP: 11/11
 10775 | D:10     | Noticed a cyan ugly thing
 10781 | D:10     | Killed a cyan ugly thing
 10782 | D:10     | Reached skill level 10 in Fighting
 10797 | D:10     | Killed a two-headed ogre
 10798 | D:10     | Reached skill level 10 in Long Blades
 10798 | D:10     | Reached skill level 10 in Dodging
 10955 | D:10     | Paralysed by a hornet for 1 turns
 11074 | D:10     | Identified the +3 chain mail of Rationality {rN+}
 11074 | D:10     | Identified the amulet of Ocimmaep {Spirit rF+++ Will- Str+6
                  | Int-4}
 11086 | D:10     | Noticed a two-headed ogre
 11093 | D:10     | Killed a two-headed ogre
 11538 | Orc:1    | Entered Level 1 of the Orcish Mines
 11538 | Orc:1    | Noticed an orc knight
 11675 | D:11     | Reached skill level 5 in Armour
 11837 | D:11     | Found Gozxi's Distillery.
 11934 | D:11     | Noticed a cyclops
 11957 | D:11     | Found a staircase to the Lair.
 11979 | D:11     | Killed a cyclops
 12260 | D:11     | Reached XP level 12. HP: 97/99 MP: 12/12
 12426 | Lair:1   | Entered Level 1 of the Lair of Beasts
 13655 | Lair:1   | Noticed Harold
 13692 | Lair:1   | Killed Harold
 13795 | Lair:2   | Noticed a five-headed hydra
 13853 | Lair:2   | Found a one-way gate to the infinite horrors of the Abyss.
 13853 | Lair:2   | Noticed Asparus's ghost (journeyman OpEE)
 13883 | Lair:2   | Found a staircase to the Shoals.
 14051 | Lair:2   | Reached ****** piety under Wu Jian
 14125 | Lair:2   | Noticed a cacodemon
 14127 | Lair:2   | Noticed a thrashing horror
 14138 | Lair:2   | Found a transporter.
 14151 | Lair:2   | Found a transporter.
 14222 | Lair:2   | Killed a five-headed hydra
 14452 | Lair:2   | Found a hole to the Spider Nest.
 14514 | Lair:2   | Reached XP level 13. HP: 80/108 MP: 13/13
 17796 | Lair:4   | Reached XP level 14. HP: 69/118 MP: 14/14
 18343 | Lair:5   | Entered Level 5 of the Lair of Beasts
 18345 | Lair:5   | Identified 2 scrolls of acquirement
 18374 | Lair:5   | Acquired 832 gold pieces
 18386 | Lair:5   | Acquired 988 gold pieces
 18403 | Lair:5   | Found a staircase to the Slime Pits.
 18404 | Lair:5   | Found a viscous altar of Jiyva.
 18494 | Lair:5   | Reached skill level 10 in Armour
 22303 | Orc:2    | Entered Level 2 of the Orcish Mines
 22303 | Orc:2    | Found a staircase to the Elven Halls.
 22752 | Orc:1    | Found Daisaiw's Overcharged Wands.
 22835 | Orc:1    | Reached XP level 15. HP: 69/126 MP: 15/15
 24096 | Orc:1    | Paralysed by an ogre mage for 5 turns
 24284 | Orc:2    | Found Fesonollo's Book Boutique.
 24284 | Orc:2    | Found Dofaukhi's Armour Shoppe.
 24285 | Orc:2    | Found Begriuschy's Book Emporium.
 24285 | Orc:2    | Found Luanin's General Store.
 24294 | Orc:2    | Bought a wand of paralysis (5) for 156 gold pieces
 24294 | Orc:2    | Bought a scroll of identify for 26 gold pieces
 24515 | Elf:1    | Entered Level 1 of the Elven Halls
 24558 | D:10     | Identified the +11 orcbow of Oozing Pus {freeze, rCorr MP-9
                  | Dex+4}
 24714 | D:4      | Bought the ring of Pride {rElec rN+++ MP+9 Str-4 Dex+3} for
                  | 634 gold pieces
 24804 | D:2      | Bought a potion of cancellation for 104 gold pieces
 24804 | D:2      | Bought a potion of ambrosia for 104 gold pieces
 24804 | D:2      | Bought a potion of curing for 39 gold pieces
 24804 | D:2      | Bought a potion of curing for 39 gold pieces
 24873 | D:4      | Bought a potion of heal wounds for 70 gold pieces
 24873 | D:4      | Bought a scroll of teleportation for 42 gold pieces
 25004 | D:11     | Bought a potion of might for 48 gold pieces
 25004 | D:11     | Bought a potion of lignification for 36 gold pieces
 25004 | D:11     | Bought a potion of ambrosia for 96 gold pieces
 25004 | D:11     | Bought a potion of berserk rage for 60 gold pieces
 25350 | D:12     | Found Rahoresk's Antique Weapon Shoppe.
 25640 | D:12     | Identified the +7 sling "Xogahong" {speed, Dex+3}
 25717 | D:12     | Found an ancient bone altar of Kikubaaqudgha.
 26155 | D:13     | Reached skill level 15 in Fighting
 26582 | D:13     | Reached skill level 15 in Long Blades
 27303 | D:14     | Reached XP level 16. HP: 136/136 MP: 16/16
 27304 | D:14     | Reached XP level 17. HP: 144/144 MP: 17/17
 28072 | D:14     | Noticed Azrael
 28109 | D:14     | Killed Azrael
 28892 | D:14     | Found Abloheg's Jewellery Shop.
 28894 | D:14     | Reached XP level 18. HP: 138/151 MP: 18/18
 28999 | D:14     | Found an iron altar of Okawaru.
 29177 | D:14     | Found a gate to the Vaults.
 29294 | D:15     | Entered Level 15 of the Dungeon
 29431 | D:15     | Found a sacrificial altar of Ru.
 30349 | D:15     | Found a staircase to the Depths.
 30978 | Spider:1 | Entered Level 1 of the Spider Nest
 31424 | Spider:1 | Noticed Frances
 31441 | Spider:1 | Killed Frances
 33137 | Spider:2 | Identified the serpent talisman "Izxoev" {Dex+2}
 33137 | Spider:2 | Noticed Aizul
 33155 | Spider:2 | Killed Aizul
 33815 | Spider:2 | Reached skill level 15 in Armour
 34122 | Spider:2 | Identified the +0 robe of Going Fast {*Slow rF+ Str+3}
 35225 | Spider:4 | Entered Level 4 of the Spider Nest
 35248 | Spider:4 | Noticed Roxanne
 35282 | Spider:4 | Killed Roxanne
 35644 | Spider:4 | Reached XP level 19. HP: 118/161 MP: 19/19
 36229 | Spider:4 | Slain by an emperor scorpion

Illustrated notes

Levels and vault maps discovered:
D:1:      dpeg_arrival_three_same_balls, layout_loops_ring,
          nicolae_concentric_dashed_squares_mild
D:2:      layout_basic, basic_altar, serial_shops, nicolae_shop_window_shopping,
          uniq_terence, uniq_jessica, uniq_robin
D:3:      layout_loops_corners, led_xom_imps, minmay_circle_x
D:4:      layout_basic, serial_shops, nicolae_shop_behind_doors,
          nicolae_shop_tiny_real_fake_doors, shop
D:5:      layout_layer_cave, nicolae_overflow_two_pavilions, serial_shops, shop,
          ebering_ghost_rock_garden, uniq_ijyb, uniq_blork_the_orc,
          uniq_crazy_yiuf_cottage
D:6:      layout_rooms, mainiacjoe_overflow_small_starburst
D:7:      layout_rooms, minmay_temple_entry_junction_2
D:8:      layout_rooms, lemuel_doored_altar, mainiacjoe_overflow_chevrons,
          kennysheep_little_box, serial_co_window_serial, co_window_paths_a,
          co_window_paths_a, co_window_paths_a, co_window_paths_a,
          co_window_paths_b, co_window_paths_c, co_window_of_opportunity_b,
          co_window_unsneaky_path_b, co_window_of_opportunity_b,
          co_window_2corner, co_window_2corner, co_window_broadway_a,
          glass_columns_a
D:9:      layout_rooms, nzn_makhleb_speed_demon
D:10:     minmay_the_grid_square_5x5_3x3 [minmay_the_grid_square_5x5_inner_z,
          minmay_the_grid_square_5x5_broken_cross,
          minmay_the_grid_square_5x5_checkered_sparse,
          minmay_the_grid_square_5x5_minibox,
          minmay_the_grid_square_5x5_megaprize_checkered,
          minmay_the_grid_square_5x5_checkered,
          minmay_the_grid_square_5x5_corner, minmay_the_grid_square_5x5_meh,
          minmay_the_grid_square_5x5_bite], layout_cave_pods, orc_0_dummy
D:11:     layout_long_grid, due_lair_maze_entry_diamond, serial_shops, shop,
          minmay_statues_item
D:12:     layout_cave_pods, serial_shops, nicolae_square_shop,
          kennysheep_vampire_church
D:13:     kennysheep_room_grid, layout_long_grid
D:14:     layout_roguey, david_vaults_4, serial_shops, shop,
          okawaru_ov_weapons_minmay, skrybe_limestone_x, nicolae_titane,
          uniq_azrael
D:15:     grunt_enter_depths_magical_seal, layout_basic,
          nicolae_ru_sacrificial_ziggurat
Temple:   nicolae_temple_ecumenical_triangle
Lair:1:   layout_chaotic_city, minivault_19, grunt_megastairs_1, uniq_harold
Lair:2:   layout_misc_corridors, minmay_shoals_entry_hut,
          spider_nest_entry_rubble, gammafunk_ghost_abyssal_escape,
          serial_bayou_lake_a
Lair:3:   layout_cave_pods, nicolae_lair_run_with_the_wolves
Lair:4:   layout_regular_city, minmay_shattered_shrine, lemuel_fruit_fields
Lair:5:   hangedman_lair_caniforms_friends, layout_long_grid, slime_entry_1,
          infiniplex_staircase_pool
Spider:1: layout_spider_delve, uniq_frances
Spider:2: layout_spider_delve, hellmonk_motheaten_closet, uniq_aizul
Spider:3: layout_spider_delve
Spider:4: grunt_spider_rune_circles, uniq_roxanne
Orc:1:    layout_caves, nicolae_shop_overcharged_wands
Orc:2:    st_orc_ogre_mass, layout_caves, basic_altar
Elf:1:    eino_elf_arrival_sip, layout_loops_corners, serial_shops,
          nicolae_shop_advertising_works [nicolae_subvault_shop_adworks], shop,
          shop, shop, hangedman_elven_crosses_minicolossus

Skill      XL: |  1  2  3  4  5  6  7  8  9 10 11 12 13 14 15 16 17 18 |
---------------+-------------------------------------------------------+-----
Fighting       | 4 5 7 8 9 10 12 13 14 15 16 17 | 17.9
Long Blades    | 4 5 7 8 9 10 11 13 14 15 16 17 | 17.7
Dodging        | 4 5 7 8 9 10 11 13 14 | 14.1
Armour         | 3 6 7 9 11 12 13 15 | 15.6

Action                     |  1- 3 |  4- 6 |  7- 9 | 10-12 | 13-15 | 16-18 | 19-21 || total
---------------------------+-------+-------+-------+-------+-------+-------+-------++-------
  Melee: Falchion          |     9 |       |       |       |       |       |       ||     9
         Whip              |    97 |   129 |     8 |       |       |       |       ||   234
         Dagger            |       |    55 |       |       |       |       |       ||    55
         Long sword        |       |       |   179 |   420 |   912 |   894 |   150 ||  2555
         Flail             |       |       |       |    12 |    63 |       |       ||    75
 Invoke: Serpent's Lash    |       |       |       |     1 |       |     3 |     1 ||     5
         Heavenly Storm    |       |       |       |       |     1 |     1 |     1 ||     3
Ability: Lunge             |       |    15 |    25 |    25 |    44 |    41 |     5 ||   155
         Whirlwind         |       |       |     9 |    23 |    26 |    28 |    12 ||    98
         Wall Jump         |       |       |     1 |       |     1 |       |       ||     2
  Evoke: Wand              |       |       |       |     4 |    14 |       |       ||    18
         Sack of spiders   |       |       |       |       |     2 |       |       ||     2
    Use: Scroll            |     1 |     3 |     2 |     5 |    17 |     4 |     1 ||    33
         Potion            |       |     2 |     2 |     2 |     7 |     5 |     1 ||    19
   Stab: Paralysed         |       |       |       |     3 |     8 |       |       ||    11
         Distracted        |       |       |       |       |       |       |     1 ||     1
 Armour: Robe              |    38 |    50 |       |       |       |       |       ||    88
         Chain mail        |       |    79 |   193 |   274 |       |       |       ||   546
         Scale mail        |       |       |       |    71 |   734 |   628 |   185 ||  1618
         Skin              |       |       |       |       |    86 |       |       ||    86
  Dodge: Dodged            |    95 |    97 |    97 |   303 |   992 |   581 |   178 ||  2343
